 Dungeon Crawl Stone Soup version 0.30-a0-726-gd89dcf765f (webtiles) character file.

Game seed: 112113272688095753

4851 scionoferis the Skirmisher (level 10, 0/78 HPs)
             Began as a Demigod Hexslinger on Jan 29, 2023.
             Slain by a wight
             ... wielding a +0 hand axe
              (8 damage)
             ... on level 9 of the Dungeon.
             The game lasted 00:28:35 (8808 turns).

scionoferis the Skirmisher (Demigod Hexslinger)     Turns: 8808, Time: 00:28:35

Health: 0/78       AC:  4    Str: 11    XL:     10   Next: 5%
Magic:  14/14      EV: 18    Int: 15    God:
Gold:   397        SH:  5    Dex: 26    Spells: 10/11 levels left

rFire   . . .      SeeInvis .    a - +2 dagger (elec)
rCold   . . .      Faith    .    (no shield)
rNeg    + . .      Spirit   .    K - +0 robe {rN+}
rPois   .          Reflect  +    (no helmet)
rElec   .          Harm     .    (no cloak)
rCorr   .          Rampage  .    r - +0 pair of gloves
Will    +....                    H - +0 pair of boots
Stlth   ++++                     D - amulet of reflection
HPRegen 0.33/turn                g - +4 ring of slaying
MPRegen 0.14/turn                v - ring of wizardry

@: no status effects
A: high MP 1, forlorn, divine attributes
a: no special abilities


You were on level 9 of the Dungeon.
You visited 1 branch of the dungeon, and saw 9 of its levels.

You collected 397 gold pieces.


Innate Abilities, Weirdness & Mutations

You have an increased reservoir of magic. (+10% MP)
You shall have no god before yourself.
Your divine heritage dramatically boosts your attributes as you level up.


   Skills:
 + Level 3.9 Fighting
 * Level 10.0 Ranged Weapons
 + Level 7.1 Dodging
 - Level 6.0 Stealth
 - Level 1.0 Spellcasting
 - Level 2.6 Hexes


You had 10 spell levels left.
You knew the following spells:

 Your Spells              Type           Power      Damage    Failure   Level
a - Slow                  Hex            32%        N/A       3%          1

Your spell library contained the following spells:

 Spells                   Type           Power      Damage    Failure   Level
 Inner Flame              Hex/Fire       4%         N/A       16%         3
 Portal Projectile        Hex/Tloc       8%         N/A       16%         3
 Vhi's Electric Charge    Tloc/Air       0%         N/A       28%         3
 Cause Fear               Hex            4%         N/A       32%         4
 Arcjolt                  Conj/Air       0%         1d10      92%         5
 Maxwell's Capacitive Co  Air            0%         ∞         100%        8

Inventory:

Hand Weapons
 a - a +2 dagger of electrocution (weapon)
   (You took it off a kobold on level 8 of the Dungeon)
 b - a +0 shortbow
   (You took it off a centaur on level 6 of the Dungeon)
 d - a +2 dagger of venom
   (You took it off a kobold on level 3 of the Dungeon)
 C - a +3 falchion
   (You took it off an orc on level 4 of the Dungeon)
 M - a +2 short sword of draining
   (You took it off a kobold on level 3 of the Dungeon)
Missiles
 n - 20 poisoned darts (quivered)
 G - 2 throwing nets
Armour
 r - a +0 pair of gloves (worn)
   (You found it on level 3 of the Dungeon)
 H - a +0 pair of boots (worn)
   (You found it on level 6 of the Dungeon)
 K - a +0 robe of positive energy (worn)
   (You took it off an orc wizard on level 7 of the Dungeon)
Jewellery
 e - a ring of ice
   (You found it on level 1 of the Dungeon)
 g - a +4 ring of slaying (left hand)
   (You took it off a goblin on level 1 of the Dungeon)
 v - a ring of wizardry (right hand)
   (You found it on level 3 of the Dungeon)
 B - a ring of fire
   (You found it on level 4 of the Dungeon)
 D - an amulet of reflection (around neck)
   (You found it on level 4 of the Dungeon)
Wands
 h - a wand of roots (4)
   (You found it on level 9 of the Dungeon)
 u - a wand of paralysis (7)
   (You found it on level 3 of the Dungeon)
Scrolls
 c - a scroll of amnesia
 f - 7 scrolls of teleportation
 i - 2 scrolls of fear
 m - 5 scrolls of magic mapping
 p - a scroll of vulnerability
 t - 2 scrolls of poison
 x - a scroll of identify
 z - 2 scrolls of silence
 E - a scroll of fog
 N - a scroll of butterflies
Potions
 j - 2 potions of mutation
 k - 2 potions of attraction {unknown}
 o - a potion of degeneration {unknown}
 s - 3 potions of curing
 w - 2 potions of berserk rage {unknown}
 A - 2 potions of brilliance {unknown}
 F - a potion of magic {unknown}
 J - 2 potions of lignification {unknown}
 L - a potion of might {unknown}

Dungeon Overview and Level Annotations

Branches:
Dungeon (9/15)             Temple (0/1) D:5            Lair (0/5) D:8
    Orc: D:9-12

Shops:
D:2 (:   D:7 (

Annotations:
D:4 1 runed translucent door, gelatine's ghost, novice MiFi
D:9 Erica

. ##(Y.............$.. ..
#..............).# ..#
##...............#
...###.....?..###....##
........T....## ##....##
....y........# #.....#.
.............## ##.......
..............###........
........@z...............
.......zy...F............
.......z.................
.....[.)<................
........zY...............
........y................
......Yyy...?............
...........YYY###.......
..$.......Y.## #...


You could see 5 yaks, a troll, a bullfrog, 5 killer bees and 4 wights.


Message History

Aim: Edmund, wielding a +0 dire flail of protection and wearing a +0 chain mail (heavily wounded, 78% to hit)
You shoot an arrow.
The arrow hits Edmund but does no damage.
Edmund is heavily wounded.
Edmund hits you with a +0 dire flail of protection!
Fire: b) +0 shortbow
Press: ? - help, Q - select action, (/) - cycle Shift-Dir - straight line, f/p - Edmund
Aim: Edmund, wielding a +0 dire flail of protection and wearing a +0 chain mail (heavily wounded, 78% to hit)
You shoot an arrow.
The arrow hits Edmund but does no damage.
Edmund is heavily wounded.
Edmund hits you with a +0 dire flail of protection.
Fire: b) +0 shortbow
Press: ? - help, Q - select action, (/) - cycle Shift-Dir - straight line, f/p - Edmund
Aim: Edmund, wielding a +0 dire flail of protection and wearing a +0 chain mail (heavily wounded, 78% to hit)
You shoot an arrow.
The arrow hits Edmund but does no damage.
Edmund is heavily wounded.
You block Edmund's attack.
Fire: b) +0 shortbow
Press: ? - help, Q - select action, (/) - cycle Shift-Dir - straight line, f/p - Edmund
Aim: Edmund, wielding a +0 dire flail of protection and wearing a +0 chain mail (heavily wounded, 78% to hit)
You shoot an arrow.
The arrow hits Edmund but does no damage.
Edmund is heavily wounded.
Edmund misses you.
Fire: b) +0 shortbow
Press: ? - help, Q - select action, (/) - cycle Shift-Dir - straight line, f/p - Edmund
Aim: Edmund, wielding a +0 dire flail of protection and wearing a +0 chain mail (heavily wounded, 78% to hit)
You shoot an arrow.
The arrow hits Edmund but does no damage.
Edmund is heavily wounded.
Edmund hits you with a +0 dire flail of protection.
Fire: b) +0 shortbow
Press: ? - help, Q - select action, (/) - cycle Shift-Dir - straight line, f/p - Edmund
Aim: Edmund, wielding a +0 dire flail of protection and wearing a +0 chain mail (moderately wounded, 78% to hit)
You shoot an arrow. The arrow hits Edmund!
Edmund is severely wounded.
You block Edmund's attack.
Fire: b) +0 shortbow
Press: ? - help, Q - select action, (/) - cycle Shift-Dir - straight line, f/p - Edmund
Aim: Edmund, wielding a +0 dire flail of protection and wearing a +0 chain mail (severely wounded, 78% to hit)
You shoot an arrow.
The arrow hits Edmund but does no damage.
Edmund is severely wounded.
Edmund barely misses you.
Fire: b) +0 shortbow
Press: ? - help, Q - select action, (/) - cycle Shift-Dir - straight line, f/p - Edmund
Aim: Edmund, wielding a +0 dire flail of protection and wearing a +0 chain mail (severely wounded, 78% to hit)
You shoot an arrow. The arrow barely misses Edmund.
You block Edmund's attack.
Fire: b) +0 shortbow
Press: ? - help, Q - select action, (/) - cycle Shift-Dir - straight line, f/p - Edmund
Aim: Edmund, wielding a +0 dire flail of protection and wearing a +0 chain mail (severely wounded, 78% to hit)
You shoot an arrow. The arrow hits Edmund.
Edmund is severely wounded.
Edmund misses you.
Fire: b) +0 shortbow
Press: ? - help, Q - select action, (/) - cycle Shift-Dir - straight line, f/p - Edmund
Aim: Edmund, wielding a +0 dire flail of protection and wearing a +0 chain mail (severely wounded, 78% to hit)
You shoot an arrow.
The arrow hits Edmund but does no damage.
Edmund is severely wounded.
Edmund completely misses you.
Fire: b) +0 shortbow
Press: ? - help, Q - select action, (/) - cycle Shift-Dir - straight line, f/p - Edmund
Aim: Edmund, wielding a +0 dire flail of protection and wearing a +0 chain mail (severely wounded, 78% to hit)
You shoot an arrow.
The arrow hits Edmund but does no damage.
Edmund is severely wounded.
You block Edmund's attack.
Fire: b) +0 shortbow
Press: ? - help, Q - select action, (/) - cycle Shift-Dir - straight line, f/p - Edmund
Aim: Edmund, wielding a +0 dire flail of protection and wearing a +0 chain mail (severely wounded, 78% to hit)
You shoot an arrow.
The arrow hits Edmund but does no damage.
Edmund is severely wounded.
Edmund hits you with a +0 dire flail of protection!
Fire: b) +0 shortbow
Press: ? - help, Q - select action, (/) - cycle Shift-Dir - straight line, f/p - Edmund
Aim: Edmund, wielding a +0 dire flail of protection and wearing a +0 chain mail (severely wounded, 78% to hit)
You shoot an arrow.
The arrow hits Edmund but does no damage.
Edmund is severely wounded.
Edmund closely misses you.
You shoot an arrow. The arrow hits Edmund!
Edmund is almost dead.
Edmund hits you with a +0 dire flail of protection.
You shoot an arrow.
The arrow hits Edmund but does no damage.
Edmund is almost dead.
Edmund hits you with a +0 dire flail of protection.
Edmund completely misses you.
You shoot an arrow. The arrow hits Edmund!
You kill Edmund!
No target in view!
Unknown command.
Unknown command.
Okay, then.
HP restored.
J - 2 grey potions (gained 1)
Things that are here:
a +0 dire flail of protection; a +0 chain mail; the human corpse of Edmund
x - 4 scrolls of identify (gained 1)
f - 6 scrolls of teleportation (gained 1) Done exploring.
As you read the scroll of identify, it crumbles to dust.
s - 3 potions of curing
As you read the scroll of identify, it crumbles to dust.
j - 2 potions of mutation Unknown command.
Unknown command.
Search for what [Enter for "d:7", or ? for help]? shop Unknown command.
There is a stone staircase leading down here.
You climb downwards.
There is a stone staircase leading up here.
Done exploring.
You see here a +0 spear.
You see here a +0 whip.
There is a stone staircase leading down here.
You climb downwards.
There is a stone staircase leading up here.
Done exploring.
There is an open door here.
There is a stone staircase leading down here.
You climb downwards.
Found a potion of curing and a whip.
There is a stone staircase leading up here.
Fire: b) +0 shortbow
Press: ? - help, Q - select action, (/) - cycle Shift-Dir - straight line, f - water moccasin
Aim: a water moccasin (asleep, 98% to hit)
You shoot an arrow. The arrow hits the water moccasin.
The water moccasin hisses angrily.
The water moccasin is lightly wounded.
You hear a shout!
An orc comes into view. It is wielding a +0 club.
Fire: b) +0 shortbow
Press: ? - help, Q - select action, (/) - cycle Shift-Dir - straight line, f - orc
Aim: an orc, wielding a +0 short sword (73% to hit)
You shoot an arrow. The arrow hits the orc!
You kill the orc!
Fire: b) +0 shortbow
Press: ? - help, Q - select action, (/) - cycle Shift-Dir - straight line, f - orc
Aim: an orc, wielding a +0 club and wearing a +0 leather armour (73% to hit)
You shoot an arrow. The arrow closely misses the orc.
You hear a shout!
An orc comes into view. It is wielding a +0 club.
You hear a shout!
Fire: b) +0 shortbow
Press: ? - help, Q - select action, (/) - cycle Shift-Dir - straight line, f/p - orc
Aim: an orc, wielding a +0 club and wearing a +0 leather armour (73% to hit)
You shoot an arrow. The arrow hits the orc!
You kill the orc!
Fire: b) +0 shortbow
Press: ? - help, Q - select action, (/) - cycle Shift-Dir - straight line, f - water moccasin
Aim: a water moccasin (lightly wounded, 60% to hit)
You shoot an arrow. The arrow hits the water moccasin!
The water moccasin is heavily wounded.
The water moccasin closely misses you.
You climb upwards.
There is a stone staircase leading down here.
Unknown command.
You shoot an arrow. The arrow hits the water moccasin.
The water moccasin is severely wounded.
The water moccasin completely misses you.
The water moccasin bites you.
You are poisoned.
The water moccasin poisons you!
You shoot an arrow.
The arrow barely misses the water moccasin.
You feel very sick. The water moccasin barely misses you.
You shoot an arrow. The arrow hits the water moccasin.
The water moccasin is almost dead.
You feel very sick. The water moccasin misses you.
The water moccasin completely misses you.
You shoot an arrow. The arrow hits the water moccasin!
You kill the water moccasin!
You feel sick.
No target in view!
You start resting.
You feel sick. x7
You are no longer poisoned.
You start resting.
HP restored.
You climb downwards.
The orc closely misses you.
There is a stone staircase leading up here.
You shoot an arrow. The arrow barely misses the orc.
The orc shouts!
You hear a shout!
A jelly comes into view.
You block the orc's attack.
You shoot an arrow. The arrow closely misses the orc.
The orc closely misses you. The orc misses you.
The orc hits you with a +0 club. You block the orc's attack.
You climb upwards.
There is a stone staircase leading down, spattered with blood here.
You shoot an arrow. The arrow closely misses the orc.
You block the orc's attack. The orc completely misses you.
You shoot an arrow. The arrow hits the orc.
The orc is moderately wounded.
The orc closely misses you. The orc hits you with a +0 club.
You shoot an arrow. The arrow hits the orc!
You kill the orc!
The orc misses you.
You shoot an arrow. The arrow hits the orc.
The orc is heavily wounded.
You block the orc's attack.
You shoot an arrow. The arrow hits the orc.
You kill the orc!
No target in view!
HP restored.
Done exploring.
Done exploring.
Things that are here:
a +0 club; a +0 leather armour
There is an open door here.
There is an open door here.
There is a stone staircase leading down here.
You climb downwards.
Found a club and 20 gold pieces.
Found an escape hatch in the ceiling.
Found two stone staircases leading down.
There is a stone staircase leading up here.
You now have 343 gold pieces (gained 20).
A bullfrog comes into view.
You shoot an arrow. The arrow hits the bullfrog!
The bullfrog croaks.
The bullfrog is heavily wounded.
You shoot an arrow. The arrow hits the bullfrog.
The bullfrog is severely wounded.
You shoot an arrow. The arrow hits the bullfrog!
You kill the bullfrog!
A wight comes into view. It is wielding a +0 trident.
You shoot an arrow. The arrow hits the wight!
The wight is heavily damaged.
A wight comes into view. It is wielding a +0 mace.
A wight comes into view. It is wielding a +0 dire flail.
You shoot an arrow. The arrow hits the wight!
You destroy the wight!
Your Fighting skill increases to level 3!
You shoot an arrow.
The arrow hits the wight but does no damage.
You shoot an arrow. The arrow hits the wight!
The wight is heavily damaged.
You shoot an arrow. The arrow hits the wight.
The wight is severely damaged.
You shoot an arrow. The arrow hits the wight.
The wight is almost destroyed.
You shoot an arrow. The arrow hits the wight.
You destroy the wight!
A wight comes into view. It is wielding a +3 trident.
You shoot an arrow. The arrow hits the wight.
The wight is lightly damaged.
You shoot an arrow. The arrow completely misses the wight.
You shoot an arrow. The arrow hits the wight!
The wight is heavily damaged.
You shoot an arrow. The arrow completely misses the wight.
A steam dragon comes into view.
You shoot an arrow. The steam dragon hisses angrily.
The arrow hits the wight.
The wight is almost destroyed.
You shoot an arrow. The arrow hits the wight.
You destroy the wight!
The wight closely misses you.
Fire: b) +0 shortbow
Press: ? - help, Q - select action, (/) - cycle Shift-Dir - straight line, f - steam dragon
Aim: a steam dragon (73% to hit)
You shoot an arrow. The arrow hits the wight!
The wight is almost destroyed.
The wight barely misses you.
Fire: b) +0 shortbow
Press: ? - help, Q - select action, (/) - cycle Shift-Dir - straight line, f/p - steam dragon
Aim: a steam dragon (73% to hit)
You shoot an arrow. The arrow closely misses the wight.
The arrow hits the steam dragon!
The steam dragon is moderately wounded.
You block the wight's attack.
Fire: b) +0 shortbow
Press: ? - help, Q - select action, (/) - cycle Shift-Dir - straight line, f/p - steam dragon
Aim: a steam dragon (moderately wounded, 73% to hit)
You shoot an arrow. The arrow hits the wight.
You destroy the wight!
Fire: b) +0 shortbow
Press: ? - help, Q - select action, (/) - cycle Shift-Dir - straight line, f/p - steam dragon
Aim: a steam dragon (moderately wounded, 73% to hit)
You shoot an arrow. The arrow hits the steam dragon.
The steam dragon is heavily wounded.
Fire: b) +0 shortbow
Press: ? - help, Q - select action, (/) - cycle Shift-Dir - straight line, f/p - steam dragon
Aim: a steam dragon (heavily wounded, 73% to hit)
You shoot an arrow.
The arrow closely misses the steam dragon.
The steam dragon bites you. You block the steam dragon's attack.
Fire: b) +0 shortbow
Press: ? - help, Q - select action, (/) - cycle Shift-Dir - straight line, f/p - steam dragon
Aim: a steam dragon (heavily wounded, 73% to hit)
You shoot an arrow. The arrow hits the steam dragon!
The steam dragon is almost dead.
The steam dragon bites you! The steam dragon barely misses you.
Fire: b) +0 shortbow
Press: ? - help, Q - select action, (/) - cycle Shift-Dir - straight line, f/p - steam dragon
Aim: a steam dragon (almost dead, 73% to hit)
You shoot an arrow. The arrow hits the steam dragon.
The steam dragon is almost dead.
The steam dragon breathes steam at you. The ball of steam hits you!!
Fire: b) +0 shortbow
Press: ? - help, Q - select action, (/) - cycle Shift-Dir - straight line, f/p - steam dragon
Aim: a steam dragon (almost dead, catching its breath, 73% to hit)
You shoot an arrow.
The arrow hits the steam dragon but does no damage.
The steam dragon is almost dead.
You are engulfed in a cloud of scalding steam.
You block the steam dragon's attack. x2
Fire: b) +0 shortbow
Press: ? - help, Q - select action, (/) - cycle Shift-Dir - straight line, f/p - steam dragon
Aim: a steam dragon (almost dead, catching its breath, 73% to hit)
You shoot an arrow.
The arrow closely misses the steam dragon.
The steam dragon completely misses you. The steam dragon claws you.
Fire: b) +0 shortbow
Press: ? - help, Q - select action, (/) - cycle Shift-Dir - straight line, f/p - steam dragon
Aim: a steam dragon (almost dead, catching its breath, 73% to hit)
You shoot an arrow.
The arrow barely misses the steam dragon.
The steam dragon barely misses you. The steam dragon claws you.
Fire: b) +0 shortbow
Press: ? - help, Q - select action, (/) - cycle Shift-Dir - straight line, f/p - steam dragon
Aim: a steam dragon (almost dead, catching its breath, 73% to hit)
You shoot an arrow. The arrow hits the steam dragon.
You kill the steam dragon!
You start resting.
HP restored.
Items here: )) [[.
y - 5 scrolls of enchant armour (gained 1)
Things that are here:
a +0 mace; a +0 robe You now have 356 gold pieces (gained 13).
Found a stone staircase leading up.
You now have 371 gold pieces (gained 15).
Found a chain mail.
A jelly comes into view.
You shoot an arrow. The arrow hits the jelly!
The jelly quivers.
The jelly is almost dead.
You shoot an arrow. The arrow hits the jelly!
You kill the jelly!
Found an escape hatch in the floor.
Found a stone staircase leading down.
There is a stone staircase leading down here.
s - 4 potions of curing (gained 1)
Found a staircase to the Lair.
x - 3 scrolls of identify (gained 1)
y - 6 scrolls of enchant armour (gained 1)
n - 14 poisoned darts (gained 6)
You shoot an arrow. The jelly quivers.
The arrow hits the jelly.
The jelly is moderately wounded.
You shoot an arrow. The arrow barely misses the jelly.
You shoot an arrow. The arrow hits the jelly!
The jelly is severely wounded.
You shoot an arrow. The arrow hits the jelly!
You kill the jelly!
No target in view!
A kobold comes into view. It is wielding a +0 short sword.
Found 6 gold pieces.
You shoot an arrow. The arrow hits the kobold.
You kill the kobold!
You hear a shout!
A kobold comes into view.
It is wielding a +2 dagger of electrocution.
You shoot an arrow. The arrow hits the kobold.
You kill the kobold!
A kobold comes into view. It is wielding a +0 dagger.
A kobold brigand comes into view.
It is wielding a +0 club and quivering poisoned darts.
You shoot an arrow. The kobold brigand shouts!
The kobold shouts!
The arrow hits the kobold brigand.
The kobold brigand is lightly wounded.
A kobold comes into view. It is wielding a +0 dagger.
The kobold brigand throws a poisoned dart.
The poisoned dart hits you!
You are poisoned.
You shoot an arrow. The kobold shouts!
The arrow hits the kobold brigand.
The kobold brigand is lightly wounded.
You feel very sick.
You shoot an arrow. The arrow closely misses the kobold.
You feel sick.
You shoot an arrow. The arrow hits the kobold!
You kill the kobold!
You feel sick.
The kobold brigand throws a poisoned dart.
The poisoned dart misses you.
You shoot an arrow. The arrow hits the kobold.
You kill the kobold!
You feel sick.
The kobold brigand throws a poisoned dart.
The poisoned dart hits you!
You are more poisoned.
You shoot an arrow. The arrow hits the kobold brigand.
The kobold brigand is moderately wounded.
You feel very sick.
You shoot an arrow.
The arrow closely misses the kobold brigand.
You feel very sick.
You shoot an arrow. The arrow hits the kobold brigand!
The kobold brigand is severely wounded.
You feel sick.
The kobold brigand throws a poisoned dart.
You reflect the poisoned dart off an invisible shield around you!
The poisoned dart completely misses the kobold brigand.
You shoot an arrow. The arrow hits the kobold brigand!
You kill the kobold brigand!
You feel sick.
You start resting.
You feel sick. x6
You are no longer poisoned.
You start resting.
HP restored.
Found 14 gold pieces.
n - 20 poisoned darts (gained 6)
Things that are here:
a +0 club; a kobold corpse
Things that are here:
a +0 dagger; a kobold corpse
Things that are here:
a +0 dagger; a kobold corpse
Things that are here:
a +2 dagger of electrocution; 5 stones
M - a +2 dagger of electrocution Adjust to which letter? (? for menu, Esc to quit)
a - a +2 dagger of electrocution;
M - a +2 short sword of draining You now have 377 gold pieces (gained 6).
Things that are here:
a +0 short sword; 5 stones You now have 391 gold pieces (gained 14).
N - a scroll labelled DAHUEKH UCIE
As you read the scroll of identify, it crumbles to dust.
N - a scroll of butterflies A wight comes into view.
It is wielding a +0 scimitar.
You shoot an arrow. The arrow hits the wight!
The wight is severely damaged.
You shoot an arrow. The arrow hits the wight.
The wight is almost destroyed.
You shoot an arrow. The arrow barely misses the wight.
You shoot an arrow. The arrow hits the wight.
You destroy the wight!
An orc warrior comes into view. It is wielding a +0 short sword.
You shoot an arrow. The orc warrior shouts!
The arrow hits the orc warrior.
The orc warrior is lightly wounded.
You shoot an arrow. The arrow hits the orc warrior!
The orc warrior is heavily wounded.
You shoot an arrow.
The arrow hits the orc warrior but does no damage.
The orc warrior is heavily wounded.
You shoot an arrow. The arrow hits the orc warrior.
The orc warrior is heavily wounded.
You shoot an arrow.
The arrow barely misses the orc warrior.
You shoot an arrow. The arrow hits the orc warrior!
The orc warrior is almost dead.
The orc warrior closely misses you.
You shoot an arrow.
The arrow hits the orc warrior but does no damage.
The orc warrior is almost dead.
You block the orc warrior's attack.
You shoot an arrow. The arrow hits the orc warrior!
You kill the orc warrior!
Things that are here:
a +0 short sword; a +0 plate armour; an orc corpse A white imp comes into view.
Found 6 gold pieces and a robe.
You shoot an arrow. The arrow hits the white imp.
The white imp shouts, "Scamper away, thou peaked full-gorged barnacle!"
The white imp is heavily wounded.
You shoot an arrow. The arrow hits the white imp.
The white imp is severely wounded.
You shoot an arrow.
The arrow completely misses the white imp.
The white imp gestures at you. The puff of frost hits you.
You shoot an arrow. The arrow hits the white imp.
The white imp is severely wounded.
The white imp gestures at you. The puff of frost hits you.
You shoot an arrow. The arrow hits the white imp!
You kill the white imp!
You now have 397 gold pieces (gained 6).
A crimson imp comes into view.
Found a scroll of teleportation.
The crimson imp shouts!
Found a ring mail.
You shoot an arrow. The arrow misses the crimson imp.
You shoot an arrow. The arrow hits the crimson imp!
The crimson imp is severely wounded.
The crimson imp blinks!
You shoot an arrow. The arrow hits the crimson imp!
You kill the crimson imp!
No target in view!
f - 7 scrolls of teleportation (gained 1) Done exploring.
Done exploring.
You hear the crackle of electricity.
a - a +2 dagger of electrocution (weapon)
You hit the fungus.
The fungus begins to die.
The fungus is lightly damaged.
You hit the fungus.
The fungus is lightly damaged.
You hit the plant.
The plant begins to die.
Lightning courses through the plant!!
The plant is lightly damaged.
You completely miss the plant. You punch the plant.
The plant is lightly damaged.
A nearby fungus withers and dies.
You puncture the plant!
The plant begins to die.
The plant is lightly damaged.
You hit the plant.
The plant is lightly damaged.
A nearby plant withers and dies.
You puncture the plant!
The plant begins to die.
The plant is lightly damaged.
A nearby plant withers and dies.
You hit the plant.
The plant begins to die.
The plant is lightly damaged.
A nearby plant withers and dies.
You hit the plant.
The plant begins to die.
The plant is lightly damaged.
A nearby plant withers and dies.
A nearby plant withers and dies.
You drop a scroll of noise.
You drop 3 scrolls of immolation.
You drop 2 scrolls of enchant weapon.
You drop 6 scrolls of enchant armour.
You drop a scroll of torment.
Your +2 dagger of electrocution stops crackling.
b - a +0 shortbow (weapon)
There is a stone staircase leading down here.
You climb downwards.
Found a scroll labelled NYILA RIUCI.
There is a stone staircase leading up here.
You hear the crackle of electricity.
a - a +2 dagger of electrocution (weapon)
Found a glowing silver altar of Zin.
The yak bellows! x4
The yak gores you but does no damage.
There is a stone staircase leading up here.
The yak gores you! The yak gores you.
You climb upwards.
There is a stone staircase leading down here.
You block the yak's attack. The yak attacks as you move away!
The yak gores you. The yak attacks as you move away! The yak barely misses you.
There is a stone staircase leading up here.
The yak gores you.
You climb upwards.
There is a stone staircase leading down here.
Your +2 dagger of electrocution stops crackling.
b - a +0 shortbow (weapon)
The yak gores you!
You shoot an arrow. The arrow hits the yak.
The yak is lightly wounded.
The yak closely misses you.
You shoot an arrow. The arrow hits the yak!
The yak is moderately wounded.
The yak barely misses you.
You shoot an arrow. The arrow hits the yak.
The yak is heavily wounded.
The yak barely misses you.
You shoot an arrow. The arrow hits the yak!
The yak is almost dead.
You block the yak's attack.
You shoot an arrow. The arrow hits the yak!
You kill the yak!
No target in view!
No target in view!
You start resting.
HP restored.
You climb downwards.
The yak gores you! The yak barely misses you.
There is a stone staircase leading up here.
You shoot an arrow. The arrow hits the yak!
The yak is moderately wounded.
The yak closely misses you.
You shoot an arrow. The arrow hits the yak!
The yak is almost dead.
The yak closely misses you.
You shoot an arrow. The arrow hits the yak.
The yak is almost dead.
The yak gores you!
You shoot an arrow. The arrow hits the yak!
You kill the yak!
Your Dodging skill increases to level 7!
No target in view!
There is a stone staircase leading down here.
You start resting.
HP restored.
You climb downwards.
Found 50 gold pieces, a scroll of teleportation and a ring mail.
There is a stone staircase leading up here.
You shoot an arrow. The arrow hits the bullfrog!
The bullfrog is severely wounded.
The orc shouts! x2; The orc wizard shouts! x2; You hear a shout!
You hear a bellow!
You shoot an arrow. The arrow hits the bullfrog.
The bullfrog is severely wounded.
You block the bullfrog's attack.
You shoot an arrow. The arrow hits the bullfrog!
You kill the bullfrog!
You shoot an arrow. The arrow hits the orc!
You kill the orc!
A killer bee comes into view.
You shoot an arrow. The arrow closely misses the orc.
The killer bee buzzes angrily.
The arrow hits the orc wizard!
You kill the orc wizard!
You hear an angry buzzing noise.
A killer bee comes into view.
You shoot an arrow. The killer bee buzzes angrily.
The arrow hits the orc but does no damage.
You hear a croak.
A bullfrog comes into view.
A killer bee comes into view.
The orc barely misses you.
You hear an angry buzzing noise.
You shoot an arrow. The arrow hits the orc!
You kill the orc!
An orc comes into view. It is wielding a +1 heavy flail.
The killer bee closely misses you. The orc completely misses you.
You climb upwards.
There is a stone staircase leading down here.
You shoot an arrow. The arrow hits the orc!
You kill the orc!
Things that are here:
a +0 flail; an orc corpse
There is a stone staircase leading down here.
Search for what [Enter for "shop", or ? for help]? rpois Can't find anything matching that.
Unknown command.
You climb downwards.
Found a shimmering altar of Xom.
There is a stone staircase leading up here.
You shoot an arrow. The orc shouts!
The arrow hits the orc.
The orc is lightly wounded.
You hear an angry buzzing noise.
You hear a loud, deep croak!
You hear a shout! x2
Prince Ribbit comes into view.
You shoot an arrow. The arrow closely misses the orc.
You shoot an arrow. The arrow barely misses the orc.
The orc barely misses you.
You shoot an arrow. The arrow hits the orc!
You kill the orc!
You shoot an arrow. The arrow barely misses Prince Ribbit.
You shoot an arrow. The arrow hits Prince Ribbit!
Prince Ribbit is moderately wounded.
Prince Ribbit completely misses you.
You shoot an arrow. The arrow closely misses Prince Ribbit.
Prince Ribbit hits you! Prince Ribbit closely misses you.
You shoot an arrow. The arrow hits Prince Ribbit!!
Prince Ribbit is almost dead.
Prince Ribbit blinks!
An orc comes into view. It is wielding a +0 hand axe.
You shoot an arrow. The arrow closely misses Prince Ribbit.
The orc shouts!
You hear an angry buzzing noise.
Prince Ribbit blinks!
An orc priest comes into view. It is wielding a +0 hand axe.
You shoot an arrow. The arrow hits Prince Ribbit!
You kill Prince Ribbit!
Your Ranged Weapons skill increases to level 10!
You have reached level 10!
Fire: b) +0 shortbow
Press: ? - help, Q - select action, (/) - cycle Shift-Dir - straight line, f - orc
Aim: an orc, wielding a +0 hand axe and wearing a +6 ring of strength (73% to hit)
You shoot an arrow. The arrow hits the orc!
You kill the orc!
Fire: b) +0 shortbow
Press: ? - help, Q - select action, (/) - cycle Shift-Dir - straight line, f - orc priest
Aim: an orc priest, wielding a +0 hand axe and wearing a +0 leather armour (73% to hit)
You shoot an arrow.
The arrow hits the orc priest but does no damage.
Fire: b) +0 shortbow
Press: ? - help, Q - select action, (/) - cycle Shift-Dir - straight line, f/p - orc priest
Aim: an orc priest, wielding a +0 hand axe and wearing a +0 leather armour (73% to hit)
You shoot an arrow. The arrow hits the orc priest.
The orc priest is moderately wounded.
The orc priest looks braver for a moment.
Fire: b) +0 shortbow
Press: ? - help, Q - select action, (/) - cycle Shift-Dir - straight line, f/p - orc priest
Aim: an orc priest, wielding a +0 hand axe and wearing a +0 leather armour (moderately wounded, 73% to hit)
You shoot an arrow. The arrow hits the orc priest.
The orc priest is heavily wounded.
A killer bee comes into view.
The orc priest looks braver for a moment.
Fire: b) +0 shortbow
Press: ? - help, Q - select action, (/) - cycle Shift-Dir - straight line, f/p - orc priest
Aim: an orc priest, wielding a +0 hand axe and wearing a +0 leather armour (heavily wounded, 73% to hit)
You shoot an arrow. The arrow barely misses the orc priest.
The killer bee buzzes angrily.
You hear an angry buzzing noise.
You hear a shout!
A killer bee comes into view.
Fire: b) +0 shortbow
Press: ? - help, Q - select action, (/) - cycle Shift-Dir - straight line, f/p - orc priest
Aim: an orc priest, wielding a +0 hand axe and wearing a +0 leather armour (heavily wounded, 73% to hit)
You shoot an arrow. The killer bee buzzes angrily.
The arrow hits the orc priest.
The orc priest is severely wounded.
You hear an angry buzzing noise. x2
Fire: b) +0 shortbow
Press: ? - help, Q - select action, (/) - cycle Shift-Dir - straight line, f/p - orc priest
Aim: an orc priest, wielding a +0 hand axe and wearing a +0 leather armour (severely wounded, 73% to hit)
You shoot an arrow. The arrow hits the orc priest!
You kill the orc priest!
A killer bee comes into view.
The killer bee barely misses you. The killer bee completely misses you.
You climb upwards.
There is a stone staircase leading down here.
You shoot an arrow. The arrow barely misses the killer bee.
The killer bee closely misses you. The killer bee barely misses you.
You shoot an arrow. The arrow misses the killer bee.
The killer bee misses you. The killer bee stings you.
You are poisoned.
The killer bee poisons you!
You shoot an arrow. The arrow barely misses the killer bee.
You feel very sick. The killer bee misses you.
The killer bee closely misses you.
You shoot an arrow. The arrow hits the killer bee.
The killer bee is moderately wounded.
You feel sick. The killer bee stings you. The killer bee barely misses you.
You shoot an arrow. The arrow misses the killer bee.
You feel sick. The killer bee misses you. The killer bee stings you.
You shoot an arrow.
The arrow completely misses the killer bee.
You feel sick. You block the killer bee's attack.
The killer bee closely misses you.
Your +2 dagger of venom begins to drip with poison!
d - a +2 dagger of venom (weapon)
The killer bee misses you.
You miss the killer bee.
The killer bee is moderately wounded.
You feel sick. The killer bee stings you. The killer bee barely misses you.
You barely miss the killer bee.
The killer bee is moderately wounded.
You feel sick. The killer bee stings you. You block the killer bee's attack.
You hit the killer bee.
The killer bee is poisoned.
The killer bee is severely wounded.
You feel sick. The killer bee closely misses you.
The killer bee barely misses you.
You barely miss the killer bee.
The killer bee is almost dead.
You feel sick.
You are no longer poisoned.
You kill the killer bee!
There is a staircase to the Lair here.
There is a stone staircase leading down here.
You start resting.
HP restored.
You climb downwards.
There is a stone staircase leading up here.
Your +2 dagger of venom stops dripping with poison.
You hear the crackle of electricity.
a - a +2 dagger of electrocution (weapon)
c - a scroll labelled NYILA RIUCI
As you read the scroll of identify, it crumbles to dust.
c - a scroll of amnesia Your +2 dagger of electrocution stops crackling.
b - a +0 shortbow (weapon)
h - a wand of roots (4)
You open the door.
Found a shimmering blue altar of Sif Muna.
An orc is nearby!
You shoot an arrow. The orc shouts!
The arrow hits the orc!
You kill the orc!
An orc wizard comes into view.
It is wielding a +1 dagger of protection.
An orc comes into view. It is wielding a +0 club.
You shoot an arrow. The arrow barely misses the orc wizard.
The orc wizard shouts!
The orc shouts!
You hear a shout!
You shoot an arrow.
The arrow hits the orc wizard but does no damage.
You shoot an arrow.
The arrow completely misses the orc wizard.
An orc comes into view. It is wielding a +0 club.
You shoot an arrow. The orc shouts!
The arrow hits the orc wizard but does no damage.
You shoot an arrow. The arrow hits the orc wizard.
The orc wizard is lightly wounded.
You shoot an arrow.
The arrow closely misses the orc wizard.
The orc wizard casts a spell at you. The magic dart hits you.
You shoot an arrow.
The arrow hits the orc wizard but does no damage.
The orc wizard is lightly wounded.
You shoot an arrow. The arrow hits the orc wizard.
The orc wizard is moderately wounded.
You shoot an arrow. The arrow misses the orc wizard.
The orc wizard misses you.
You shoot an arrow. The arrow hits the orc wizard!
You kill the orc wizard!
You shoot an arrow. The arrow hits the orc!
You kill the orc!
You shoot an arrow. The arrow hits the orc!
You kill the orc!
No target in view!
i - 4 scrolls of fear (gained 1)
Items here: ))) [ ††.
Okay, then.
You start resting.
HP restored.
Search for what [Enter for "rpois", or ? for help]? d:
Things that are here:
a +1 heavy flail; an orc corpse Erica the Fiery-Tempered comes into view.
She is wielding a +1 scimitar of flaming.
Erica moves out of view.
Erica points at you and mumbles some strange words.
You resist with some effort.
Press: ? - help, v - describe, . - travel
Here: Erica, wielding a +1 scimitar of flaming and wearing a +0 robe The floor.
Things that are here:
a +1 heavy flail; an orc corpse
There is a stone staircase leading up here.
You shoot an arrow. The arrow hits Erica.
Erica is lightly wounded.
You shoot an arrow. The arrow hits Erica.
Erica is lightly wounded.
You shoot an arrow.
The arrow hits Erica but does no damage.
Erica is lightly wounded.
You shoot an arrow. The arrow completely misses Erica.
You shoot an arrow.
The arrow hits Erica but does no damage.
Erica is lightly wounded.
You shoot an arrow. The arrow hits Erica.
Erica is moderately wounded.
You shoot an arrow. The arrow hits Erica.
Erica is moderately wounded.
Erica points at you and mumbles some strange words.
You resist with some effort.
You shoot an arrow. The arrow hits Erica!
Erica is heavily wounded.
Erica hits you with a +1 scimitar of flaming!
Erica burns you.
You shoot an arrow. The arrow hits Erica!
Erica is heavily wounded.
Erica hits you with a +1 scimitar of flaming!
Erica burns you.
You shoot an arrow. The arrow hits Erica.
Erica is severely wounded.
Erica hits you with a +1 scimitar of flaming!
Erica burns you.
You are too injured to fight recklessly!
Fire: b) +0 shortbow
Press: ? - help, Q - select action, (/) - cycle Shift-Dir - straight line, f/p - Erica
Aim: Erica, wielding a +1 scimitar of flaming and wearing a +0 robe (severely wounded, 71% to hit)
You shoot an arrow. The arrow barely misses Erica.
Erica hits you with a +1 scimitar of flaming!
* * * LOW HITPOINT WARNING * * *
Erica burns you.
* * * LOW HITPOINT WARNING * * *
Aiming: Paralyse
Press: ? - help, Shift-Dir - straight line, f/p - Erica
Aim: Erica, wielding a +1 scimitar of flaming and wearing a +0 robe (severely wounded, chance to affect: 17%)
Okay, then.
Unknown command.
You fade into invisibility!
Erica misses you.
You hear the crackle of electricity.
a - a +2 dagger of electrocution (weapon)
Erica screams, "Hurry, death AWAITS you!"
Erica hits you with a +1 scimitar of flaming!
* * * LOW HITPOINT WARNING * * *
Erica burns you.
* * * LOW HITPOINT WARNING * * *
A yak comes into view. 4 yaks come into view.
The yak moves out of view.
A wight comes into view. It is wielding a +1 scimitar.
The wight moves out of view.
A wight comes into view. It is wielding a +0 halberd.
The wight moves out of view.
A yak comes into view.
The yak bellows!
The killer bee buzzes angrily.
You hear an angry buzzing noise.
A wight comes into view. It is wielding a +0 hand axe.
You hear an angry buzzing noise.
The killer bee buzzes angrily. x2; The bullfrog gives a loud, deep croak!
A killer bee comes into view.
You hear a bellow! x2
A wight comes into view. It is wielding a +0 mace.
You closely miss the killer bee. The killer bee misses you. x2
You completely miss the killer bee. The killer bee misses you.
The killer bee barely misses you. The killer bee completely misses you.
You strike the helpless killer bee from behind!
You puncture the killer bee!
The killer bee is almost dead.
The killer bee buzzes angrily.
You block the killer bee's attack. The killer bee stings you.
* * * LOW HITPOINT WARNING * * *
You are lethally poisoned!
The killer bee poisons you!
You feel better. You block the killer bee's attack. The killer bee misses you.
You catch the helpless killer bee completely off-guard!
You impale the killer bee!!
Lightning courses through the killer bee!!
You kill the killer bee!
The yak bellows!
The bullfrog croaks.
You puncture the wight!
The wight is heavily damaged.
You hear a bellow! x2
The wight closely misses you.
The killer bee buzzes angrily.
The centaur shouts!
You hit the wight.
The wight is almost destroyed.
The killer bee buzzes angrily.
You hear an angry buzzing noise.
You hear a bellow!
You hear an angry buzzing noise.
You hear a bellow!
You hear a shout!
You hear an angry buzzing noise.
The wight misses you.
You strike the helpless wight from behind!
You impale the wight!!
You destroy the wight!
The killer bee buzzes angrily.
The bullfrog gives a loud, deep croak!
You hear a bellow! x3
The centaur shouts!
You hear a bellow!
The yak bellows!
Found a scroll of identify.
The killer bee buzzes angrily. x3
The centaur wields a +0 shortbow.
The centaur shoots an arrow.
The arrow misses you.
The centaur shoots an arrow.
The killer bee buzzes angrily.
You flicker for a moment.
The centaur shoots an arrow.
The bullfrog croaks.
Found a whip.
The yak bellows!
You hear a bellow!
Found 17 gold pieces.
An orc wizard comes into view. It is wielding a +0 dagger.
An orc warrior and an orc come into view.
The orc warrior is wielding a +2 heavy mace.
The orc is wielding a +0 whip and quivering boomerangs of dispersal.
You flicker back into view.
An orc priest comes into view. It is wielding a +0 whip.
The orc warrior shouts!
The orc priest shouts!
The orc shouts!
The orc wizard shouts!
The centaur shoots an arrow.
The arrow hits you but does no damage.
You hear a loud, deep croak!
Found 8 stones.
The orc wizard casts a spell.
The orc wizard flickers and vanishes!
Deactivating autopickup; reactivate with Ctrl-A.
The centaur shoots an arrow.
The arrow misses you.
The centaur shoots an arrow.
The arrow barely misses you.
The orc throws a boomerang of dispersal.
The boomerang of dispersal barely misses you.
The centaur shoots an arrow.
You reflect the arrow off an invisible shield around you!
The arrow hits the centaur.
The orc priest calls down the wrath of Beogh upon you.
Beogh smites you!
* * * LOW HITPOINT WARNING * * *
The centaur shoots an arrow.
You reflect the arrow off an invisible shield around you!
The arrow hits the centaur.
The centaur shoots an arrow.
The arrow closely misses you.
The centaur shoots an arrow.
The arrow closely misses you.
The orc priest invokes the aid of Beogh against you.
Beogh smites you!
* * * LOW HITPOINT WARNING * * *
The bullfrog releases a deep croak.
The orc priest invokes the aid of Beogh against you.
You resist with significant effort.
A yak comes into view.
As you read the scroll of fear, it crumbles to dust.
You assume a fearsome visage.
The yak looks frightened!
The yak bellows!
The bullfrog looks frightened!
The orc warrior looks frightened!
The orc priest looks frightened!
The orc looks frightened!
The centaur looks frightened!
You hear a shout!
You hear a bellow! x2
A yak comes into view. x3
The yak bellows!
A troll comes into view.
You see here 8 stones.
The yak bellows!
You hear a bellow! x3
The yak bellows! x2; Erica shouts!
You hear a bellow!
As you read the scroll of fear, it crumbles to dust.
You assume a fearsome visage.
Erica looks frightened!
The yak looks frightened! x3
The yak bellows!
The wight is unaffected. x3; The yak looks frightened! x5
Erica casts a spell.
Erica flickers and vanishes!
The killer bee buzzes angrily.
You hear an angry buzzing noise.
The wight attacks as you move away! The wight misses you.
The killer bee attacks as you move away!
The killer bee barely misses you. x2
You block the killer bee's attack. The killer bee misses you.
The wight hits you with a +0 hand axe!
You die...

Skill      XL: |  1  2  3  4  5  6  7  8  9 |
---------------+----------------------------+-----
Ranged Weapons | 2 3 4 5 6 8 10 | 10.0
Dodging        | 2 3 4 5 7 |  7.1
Stealth        | 1 2 3 4 6 |  6.0
Fighting       | 3 |  3.9
Spellcasting   | |  1.0
Hexes          | |  2.6

Action                     |  1- 3 |  4- 6 |  7- 9 | 10-12 || total
---------------------------+-------+-------+-------+-------++-------
  Melee: Dagger            |     6 |     5 |    12 |    11 ||    34
         Falchion          |       |     3 |    14 |       ||    17
         Short sword       |       |     1 |    19 |       ||    20
         Punch             |       |       |     3 |       ||     3
   Fire: Sling             |   111 |    87 |    79 |       ||   277
         Shortbow          |       |       |   279 |    37 ||   316
  Throw: Dart              |       |       |     4 |       ||     4
    Use: Scroll            |     5 |     4 |     5 |     3 ||    17
         Potion            |       |       |       |     2 ||     2
   Stab: Sleeping          |       |     1 |       |       ||     1
         Invisible         |       |       |       |     3 ||     3
 Armour: Robe              |     6 |     6 |     7 |     1 ||    20
  Dodge: Dodged            |    24 |    20 |    79 |    34 ||   157
  Block: Other             |       |     4 |    29 |     7 ||    40
         Reflection        |       |       |     2 |     2 ||     4

Levels and vault maps discovered:
D:1:      minmay_arrival_jagged, layout_rooms
D:2:      layout_loops_corners, serial_shops,
          nicolae_shop_competitors_out_of_business, shop, nrook_uturn,
          uniq_sigmund
D:3:      layout_basic, nicolae_hepliaklqana_hazy_memory, nicolae_titane
D:4:      layout_basic, mainiacjoe_overflow_24_doors, ebering_ghost_sewer_f,
          hangedman_minor_gate_pass, uniq_natasha
D:5:      layout_loops_ring, mainiacjoe_overflow_concentric_impassable,
          mainiacjoe_overflow_alcove_4, minmay_temple_entry_arrows, hex_large,
          uniq_menkaure, uniq_edmund
D:6:      layout_basic, mainiacjoe_overflow_tiny_flanked,
          ashenzari_conservatory_becter, serial_glass, glass_columns_a,
          glass_columns_a, glass_columns_a, glass_columns_a, glass_columns_c,
          glass_columns_c, glass_columns_b, glass_columns_b, glass_columns_b,
          glass_columns_b, glass_columns_a, glass_columns_a, glass_columns_a,
          glass_columns_b, moated_statue, kennysheep_nondescript
D:7:      layout_gridville, serial_shops, shop, chequers_serial_rivers_room_a
D:8:      layout_cave_pools, dpeg_oklobed_lair, minmay_fire_ice_demons
D:9:      layout_big_octagon, lemuel_round_altar, zin_academy, xom_teletrap_fun,
          lemuel_blue_sif_altar, lemuel_round_altar, uniq_erica,
          uniq_prince_ribbit1

Notes
Turn   | Place    | Note
-------+----------+-------------------------------------------
     0 | D:1      | scionoferis the Demigod Hexslinger began the quest for the
                  | Orb.
     0 | D:1      | Reached XP level 1. HP: 15/15 MP: 4/4
    58 | D:1      | Reached skill level 2 in Ranged Weapons
   112 | D:1      | Reached skill level 2 in Dodging
   143 | D:1      | Reached XP level 2. HP: 17/22 MP: 5/5
   464 | D:1      | Reached skill level 1 in Stealth
   594 | D:2      | Found Qumamn's Book Shop.
   669 | D:2      | Reached XP level 3. HP: 27/27 MP: 6/6
   921 | D:2      | Noticed Sigmund
  1390 | D:3      | Reached skill level 3 in Ranged Weapons
  1749 | D:3      | Reached XP level 4. HP: 29/34 MP: 8/8
  2042 | D:4      | Reached skill level 2 in Stealth
  2345 | D:4      | Reached skill level 3 in Dodging
  2345 | D:4      | Reached XP level 5. HP: 39/39 MP: 9/9
  2434 | D:4      | Reached skill level 4 in Ranged Weapons
  2472 | D:4      | Noticed Natasha
  2478 | D:4      | Killed Natasha
  2505 | D:4      | Noticed a black bear
  2512 | D:4      | Killed a black bear
  2513 | D:4      | Reached skill level 3 in Stealth
  2513 | D:4      | Reached XP level 6. HP: 45/46 MP: 10/10
  2598 | D:4      | Found a runed translucent door.
  2599 | D:4      | Noticed gelatine's ghost (novice MiFi)
  2634 | D:4      | Found a runed translucent door.
  2745 | D:5      | Entered Level 5 of the Dungeon
  2745 | D:5      | Noticed Menkaure
  2751 | D:5      | Killed Menkaure
  2752 | D:5      | Reached skill level 5 in Ranged Weapons
  2756 | D:5      | Found a staircase to the Ecumenical Temple.
  2759 | D:5      | Noticed Edmund
  2813 | D:5      | Reached XP level 7. HP: 48/51 MP: 11/11
  2911 | D:5      | Reached skill level 4 in Dodging
  2942 | D:5      | Reached skill level 4 in Stealth
  3088 | D:5      | Reached skill level 6 in Ranged Weapons
  3925 | D:6      | Reached XP level 8. HP: 58/58 MP: 12/12
  4155 | D:6      | Reached skill level 7 in Ranged Weapons
  4155 | D:6      | Reached skill level 5 in Dodging
  4155 | D:6      | Reached skill level 5 in Stealth
  5315 | D:7      | Noticed a hornet
  5327 | D:7      | Killed a hornet
  5378 | D:7      | Found Nomaze Lana's Weapon Emporium.
  5381 | D:7      | Reached skill level 8 in Ranged Weapons
  5647 | D:7      | Reached skill level 6 in Stealth
  5659 | D:7      | Reached XP level 9. HP: 60/63 MP: 13/13
  5692 | D:7      | Reached skill level 1 in Fighting
  5751 | D:7      | Reached skill level 6 in Dodging
  6043 | D:7      | Reached skill level 2 in Fighting
  6484 | D:2      | Found Zaush's Weapon Emporium.
  6860 | D:2      | Killed Sigmund
  6986 | D:4      | Noticed Natasha
  6988 | D:4      | Killed Natasha
  7035 | D:4      | Reached skill level 9 in Ranged Weapons
  7036 | D:4      | Noticed Natasha
  7039 | D:4      | Killed Natasha
  7236 | D:5      | Killed Edmund
  7529 | D:8      | Reached skill level 3 in Fighting
  7821 | D:8      | Found a staircase to the Lair.
  8414 | D:8      | Reached skill level 7 in Dodging
  8506 | D:9      | Noticed Prince Ribbit
  8515 | D:9      | Killed Prince Ribbit
  8516 | D:9      | Reached skill level 10 in Ranged Weapons
  8516 | D:9      | Reached XP level 10. HP: 67/78 MP: 14/14
  8717 | D:9      | Noticed Erica
  8739 | D:9      | HP: 7/78 [Erica/+1 scimitar of flaming (14)]
  8763 | D:9      | HP: 7/78 [killer bee (5)]
  8790 | D:9      | HP: 2/78 [orc priest/divine providence (13)]
  8808 | D:9      | Slain by a wight

Vanquished Creatures
  A hornet (D:7)
  Prince Ribbit (D:9)
  Sigmund (D:2)
  2 yaks (D:7 D:8)
  A steam dragon (D:8)
  Menkaure (D:5)
  Edmund (D:5)
  3 water moccasins (D:5 D:7)
  2 orc warriors (D:7 D:8)
  4 black bears (D:4 D:5 D:7)
  A sky beast (D:6)
  2 ice beasts (D:6 D:7)
  A centaur (D:6)
  2 phantoms (D:4 D:5)
  A kobold brigand (D:8)
  2 necrophages (D:5 D:6)
  8 bullfrogs (D:6 D:7 D:4 D:8 D:9)
  A gnoll sergeant (D:6)
  10 wights (D:6 D:8 D:9)
  2 killer bees (D:8 D:9)
  A crimson imp (D:8)
  2 orc priests (D:7 D:9)
  2 jellies (D:8)
  4 hounds (D:3 D:6 D:7)
  A gnoll bouda (D:6)
  5 iguanas (D:4 D:5 D:7)
  Natasha (thrice) (D:4)
  5 orc wizards (D:6 D:7 D:9)
  10 adders (D:3 D:4 D:6 D:2)
  9 gnolls (D:6)
  2 white imps (D:6 D:8)
  2 ufetubi (D:6 D:7)
  3 worms (D:2 D:3)
  3 dart slugs (D:1 D:2 D:4)
  29 orcs (D:4 D:6 D:7 D:8 D:9)
  6 endoplasms (D:2 D:3 D:4)
  5 giant cockroaches (D:1 D:2 D:3)
  5 goblins (D:1 D:2)
  6 hobgoblins (D:3 D:4 D:2)
  15 kobolds (D:1 D:2 D:3 D:4 D:8)
  5 quokkas (D:1 D:4)
  2 ball pythons (D:3 D:4)
  6 bats (D:1 D:2)
  4 frilled lizards (D:1 D:2 D:3)
  5 rats (D:1 D:2 D:3)
187 creatures vanquished.

Vanquished Creatures (others)
  3 fungi (D:8)
  9 plants (D:3 D:8)
12 creatures vanquished.

Grand Total: 199 creatures vanquished

Table legend: (Time is in decaauts)
 A = Elapsed time spent in this place.
 B = Non-inter-level travel time spent in this place.
 C = Inter-level travel time spent in this place.
 D = Time resting spent in this place.
 E = Time spent auto-exploring this place.
 F = Levels seen in this place.
 G = Mean time per level.
                   A        B        C        D        E       F      G
               +--------+--------+--------+--------+--------+-----+--------+
         Total |   8870 |   8197 |    673 |    918 |   5555 |   9 |  985.6 |
       Dungeon |   8870 |   8197 |    673 |    918 |   5555 |   9 |  985.6 |
               +--------+--------+--------+--------+--------+-----+--------+

Top non-repeatable levels by time:
     D:6: 1591 daAuts
     D:5: 1242 daAuts
     D:7: 1187 daAuts
     D:2: 1043 daAuts
     D:4: 1039 daAuts
     D:8: 1022 daAuts
     D:3: 1019 daAuts
     D:1: 515 daAuts
     D:9: 208 daAuts

Table legend:
 A = Non-vault XP
 B = Vault XP
 C = Vault XP percentage of total XP
 D = Non-vault monster count
 E = Vault monster count
 F = Vault count percentage of total count
                 A         B        C        D         E       F
            +---------+---------+-------+---------+---------+-------
      Total |    5870 |    1060 |  15.3 |     175 |      12 |   6.4
            +---------+---------+-------+---------+---------+-------
        D:1 |      32 |       0 |   0.0 |      19 |       0 |   0.0
        D:2 |      46 |     214 |  82.3 |      18 |       1 |   5.3
        D:3 |      85 |       0 |   0.0 |      16 |       0 |   0.0
        D:4 |     417 |     191 |  31.4 |      27 |       6 |  18.2
        D:5 |     648 |     336 |  34.1 |       6 |       2 |  25.0
        D:6 |    1301 |       0 |   0.0 |      32 |       0 |   0.0
        D:7 |    1737 |       0 |   0.0 |      24 |       0 |   0.0
        D:8 |    1236 |      60 |   4.6 |      20 |       2 |   9.1
        D:9 |     368 |     259 |  41.3 |      13 |       1 |   7.1
            +---------+---------+-------+---------+---------+-------
